 Dungeon Crawl Stone Soup version 0.29.1-13-g9f3cf754e1 (webtiles) character file.

Game seed: 14528696500995331790

60 KittyFluff the Cudgeller (level 4, 0/43 HPs)
             Began as a Gargoyle Berserker on Jan 21, 2023.
             Was a Believer of Trog.
             Slain by a gnoll
             ... wielding a +0 halberd
              (4 damage)
             ... on level 2 of the Dungeon.
             The game lasted 00:05:03 (1251 turns).

KittyFluff the Cudgeller (Gargoyle Berserker)       Turns: 1251, Time: 00:05:03

Health: 0/43       AC:  8    Str: 21    XL:     4   Next: 4%
Magic:  4/4        EV: 11    Int:  7    God:    Trog [**....]
Gold:   126        SH:  3    Dex: 11    Spells: 3/3 levels left

rFire   . . .      SeeInvis .   a - +0 mace
rCold   . . .      Faith    .   b - +0 buckler
rNeg    + . .      Spirit   .   e - +2 robe {Will+}
rPois   ∞          Reflect  .   (no helmet)
rElec   +          Harm     .   l - +0 cloak
rCorr   .          Rampage  .   (no gloves)
Will    +....                   (no boots)
Stlth   ..........              (no amulet)
HPRegen 0.14/turn               (no ring)
MPRegen 0.09/turn               (no ring)

@: berserking, very quick
A: sickness immunity, AC +3, negative energy resistance 1, electricity
resistance, torment resistance 1, petrification resistance
a: Renounce Religion, Berserk, Trog's Hand


You were on level 2 of the Dungeon.
You worshipped Trog.
Trog was pleased with you.
You visited 1 branch of the dungeon, and saw 2 of its levels.

You collected 126 gold pieces.

Inventory:

Hand Weapons
 a - a +0 mace (weapon)
Missiles
 f - 13 stones (quivered)
Armour
 b - a +0 buckler (worn)
 d - a +0 ring mail
 e - a +2 robe of willpower (worn)
 l - a +0 cloak (worn)
Scrolls
 c - 5 scrolls of identify {unknown}
 g - a scroll of immolation {unknown}
 j - a scroll of butterflies {unknown}
Potions
 h - a potion of heal wounds {unknown}
 i - a potion of degeneration {unknown}
 k - a potion of brilliance {unknown}


   Skills:
 + Level 3.8 Fighting
 + Level 3.9 Maces & Flails
 * Level 2.7 Armour
 + Level 1.8 Dodging
 + Level 0.3 Stealth


You had 3 spell levels left.
You didn't know any spells.
Your spell library was empty.

Dungeon Overview and Level Annotations

Branches:
Dungeon (2/15)

Altars:


Innate Abilities, Weirdness & Mutations

You are immune to sickness and miasma.
Your stone body is resilient. (AC +3)
You are immune to poison.
You resist negative energy. (rN+)
You are resistant to electric shocks. (rElec)
You are resistant to unholy torment.
You are immune to petrification.


Message History

You block the gnoll's attack.
You sock the gnoll!
You kill the gnoll!
Trog accepts your kill.
You hear a shout!
A gnoll comes into view. It is wielding a +0 flail.
You hear a shout!
The gnoll hits you with a +0 flail!
* * * LOW HITPOINT WARNING * * *
Things that are here:
a +0 flail; a gnoll corpse The gnoll hits you but does no damage.
You barely miss the gnoll. The gnoll closely misses you.
You closely miss the gnoll. The gnoll closely misses you.
The gnoll hits you but does no damage.
You sock the gnoll!
The gnoll is heavily wounded.
The gnoll closely misses you.
You barely miss the gnoll.
The gnoll is heavily wounded.
The gnoll hits you but does no damage.
A gnoll comes into view. It is wielding a +0 halberd.
The gnoll shouts!
You thump the gnoll!
You kill the gnoll!
Trog accepts your kill. You block the gnoll's attack. The gnoll misses you.
You have reached level 4!
You feel stronger.
A gnoll comes into view. It is wielding a +0 halberd.
A red film seems to cover your vision as you go berserk!
You feel yourself moving faster!
You feel mighty!
The gnoll hits you from afar with a +0 halberd!
* * * LOW HITPOINT WARNING * * *
Okay, then.
You feel a strong urge to attack something.
You sock the gnoll!
The gnoll is severely wounded.
The gnoll hits you with a +0 halberd.
You die...

### ##.## #### ##...##
..###########.....##
###.#....)...........#
##.#)#.#########.....##
#..).g.g@.......#...#####
##.############.##.......
#.# .. ##.....# ..# #..
#.###.# .#.# #.. #.# #.#
.##.# ... #.# #.# .. ..#
..# #.# .# ### ..# #.#
!..# #..


You could see 2 gnolls.

Vanquished Creatures
  2 gnolls (D:2)
  A worm (D:2)
  A dart slug (D:2)
  2 ball pythons
  3 bats (D:1)
  2 endoplasms (D:1)
  A giant cockroach (D:2)
  5 goblins
  2 hobgoblins
  6 kobolds
  3 quokkas
  2 frilled lizards
  4 rats
34 creatures vanquished.

Notes
Turn   | Place    | Note
-------+----------+-------------------------------------------
     0 | D:1      | KittyFluff the Gargoyle Berserker began the quest for the
                  | Orb.
     0 | D:1      | Reached XP level 1. HP: 14/14 MP: 1/1
   300 | D:1      | Reached XP level 2. HP: 9/19 MP: 2/2
   603 | D:1      | Found a faded altar of an unknown god.
   906 | D:1      | Reached ** piety under Trog
   907 | D:1      | Reached XP level 3. HP: 21/24 MP: 3/3
  1244 | D:2      | Reached XP level 4. HP: 7/29 MP: 4/4
  1251 | D:2      | Slain by a gnoll

Illustrated notes

Levels and vault maps discovered:
D:1:      dpeg_arrival_long_road, layout_loops_cross,
          ebering_ecumenical_altar_sacrificial
D:2:      layout_loops_ring, basic_altar

Action                   |  1- 3 |  4- 6 || total
-------------------------+-------+-------++-------
Melee: Mace              |    92 |     1 ||    93
Invok: Berserk           |       |     1 ||     1
 Stab: Sleeping          |     1 |       ||     1
Armor: Robe              |    31 |       ||    31
       Animal skin       |     3 |       ||     3
Dodge: Dodged            |    49 |       ||    49
Block: Buckler           |    12 |       ||    12
